 Dungeon Crawl Stone Soup version 0.29-a0-993-g4a18f31a58 (webtiles) character file.

Game seed: 12328681528935462777

151 avis the Chiller (level 4, -1/38 HPs)
             Began as a Demigod Ice Elementalist on Aug 2, 2022.
             Slain by Eustachio
             ... wielding a +0 rapier
              (2 damage)
             ... on level 4 of the Dungeon.
             The game lasted 00:19:51 (4412 turns).

avis the Chiller (Demigod Ice Elementalist)         Turns: 4412, Time: 00:19:53

Health: -1/38      AC:  8    Str:  9    XL:     4   Next: 85%
Magic:  6/11       EV: 12    Int: 17    God:
Gold:   179        SH:  0    Dex: 18    Spells: 4/8 levels left

rFire   . . .      SeeInvis .   b - +0 rapier
rCold   . . .      Faith    .   (no shield)
rNeg    . . .      Spirit   .   c - +0 robe
rPois   .          Reflect  .   (no helmet)
rElec   .          Harm     .   (no cloak)
rCorr   .          Rampage  .   (no gloves)
Will    .....                   (no boots)
Stlth   ++........              (no amulet)
HPRegen 0.12/turn               (no ring)
MPRegen 0.12/turn               (no ring)

@: ice-armoured
A: high MP 1, forlorn, divine attributes
a: no special abilities


You were on level 4 of the Dungeon.
You visited 1 branch of the dungeon, and saw 4 of its levels.

You collected 194 gold pieces.
You spent 15 gold pieces at shops.

Inventory:

Hand Weapons
 a - a +0 sling
 b - a +0 rapier (weapon)
Missiles
 i - 14 boomerangs
 m - 5 poisoned darts
Armour
 c - a +0 robe (worn)
 k - a scarf of harm
Jewellery
 h - a +4 ring of protection
Wands
 r - a wand of flame (10)
 v - a wand of roots (10)
 w - a wand of paralysis (8)
Scrolls
 e - 2 scrolls of fear {unknown}
 g - 2 scrolls of identify {unknown}
 j - 2 scrolls of teleportation {unknown}
 p - 2 scrolls of butterflies {unknown}
 s - a scroll of magic mapping {unknown}
 t - 2 scrolls of blinking {unknown}
 x - a scroll of poison {unknown}
Potions
 d - 2 potions of attraction {unknown}
 f - a potion of degeneration {unknown}
 l - 2 potions of magic
 n - a potion of curing {unknown}
 o - a potion of haste {unknown}
 u - a potion of heal wounds {unknown}


   Skills:
 - Level 3.0 Fighting
 - Level 2.0 Dodging
 - Level 2.0 Stealth
 * Level 2.8 Spellcasting
 - Level 4.0 Ice Magic


You had 4 spell levels left.
You knew the following spells:

 Your Spells              Type           Power      Damage    Failure   Level
a - Freeze                Ice            64%        1d8       3%          1
o - Ozocubu's Armour      Ice            16%        N/A       11%         3

Your spell library contained the following spells:

 Spells                   Type           Power      Damage    Failure   Level
 Frozen Ramparts          Ice            32%        1d11      11%         3
 Magic Dart               Conj           8%         1d3       19%         1
 Sting                    Tmut/Pois      8%         1d3       19%         1
 Call Imp                 Summ           2%         N/A       26%         2
 Poisonous Vapours        Pois/Air       4%         N/A       26%         2
 Searing Ray              Conj           4%         2d4       26%         2
 Mephitic Cloud           Conj/Pois/Air  2%         N/A       47%         3
 Hailstorm                Conj/Ice       9%         3d4       61%         4
 Fulminant Prism          Conj/Hex       1%         3d6       87%         4
 Olgreb's Toxic Radiance  Pois           2%         N/A       87%         4


Dungeon Overview and Level Annotations

Branches:
Dungeon (4/15)
 Temple: D:4-7

Shops:
D:1 (   D:2 [

Annotations:
D:3 3 runed translucent doors, Spectrina's ghost, weakling DjVM
D:4 Eustachio


Innate Abilities, Weirdness & Mutations

You have an increased reservoir of magic. (+10% MP)
You shall have no god before yourself.
Your divine heritage dramatically boosts your attributes as you level up.


Message History

You puncture the river rat!
You kill the river rat!
The river rat's corpse disappears in a puff of smoke!
You hit the quokka.
You kill the quokka!
The quokka's corpse disappears in a puff of smoke!
Casting: Ozocubu's Armour (dangerous; 11% risk of failure)
Confirm with . or Enter, or press ? or * to list all spells.
Aiming: Freeze (safe; 3% risk of failure)
Press: ? - help, Shift-Dir - straight line, f - Eustachio
Aim: Eustachio, wielding a +0 rapier and wearing a +1 leather armour of cold resistance (blue smoke, severely wounded)
You freeze Eustachio.
Eustachio resists.
Eustachio is severely wounded.
Eustachio hits you with a +0 rapier.
* * * LOW HITPOINT WARNING * * *
Casting: Freeze (safe; 3% risk of failure)
Confirm with . or Enter, or press ? or * to list all spells.
Aiming: Freeze (safe; 3% risk of failure)
Press: ? - help, Shift-Dir - straight line, f/p - Eustachio
Aim: Eustachio, wielding a +0 rapier and wearing a +1 leather armour of cold resistance (blue smoke, severely wounded)
You freeze Eustachio.
Eustachio resists.
Eustachio is severely wounded.
Eustachio hits you but does no damage.
Casting: Freeze (safe; 3% risk of failure)
Confirm with . or Enter, or press ? or * to list all spells.
Aiming: Freeze (safe; 3% risk of failure)
Press: ? - help, Shift-Dir - straight line, f/p - Eustachio
Aim: Eustachio, wielding a +0 rapier and wearing a +1 leather armour of cold resistance (severely wounded)
You freeze Eustachio.
Eustachio resists.
Eustachio is severely wounded.
Eustachio closely misses you.
Casting: Freeze (safe; 3% risk of failure)
Confirm with . or Enter, or press ? or * to list all spells.
Aiming: Freeze (safe; 3% risk of failure)
Press: ? - help, Shift-Dir - straight line, f/p - Eustachio
Aim: Eustachio, wielding a +0 rapier and wearing a +1 leather armour of cold resistance (severely wounded)
You freeze Eustachio.
Eustachio resists.
Eustachio is almost dead.
Eustachio hits you with a +0 rapier.
You die...

# ##.# .... ###
#... ...
#...######.#
#..r@@.....#
###...####...#
.............#
.......<.....#
..........#......
###.$.......##..#
#...####### ....
#... .## #... .


You could see Eustachio and a river rat (summoned).

Vanquished Creatures
  An orc priest (D:3)
  Ijyb (D:3)
  3 gnolls (D:3)
  2 adders (D:2)
  A worm (D:3)
  3 orcs (D:2)
  2 ball pythons
  6 endoplasms
  A giant cockroach (D:3)
  4 goblins
  3 hobgoblins (D:3)
  2 quokkas
  5 bats
  2 frilled lizards (D:1)
  3 kobolds
  5 rats
44 creatures vanquished.

Notes
Turn   | Place    | Note
-------+----------+-------------------------------------------
     0 | D:1      | avis the Demigod Ice Elementalist began the quest for the
                  | Orb.
     0 | D:1      | Reached XP level 1. HP: 14/14 MP: 5/5
   289 | D:1      | Reached skill level 1 in Fighting
   498 | D:1      | Found Foras's Weapon Emporium.
   507 | D:1      | Bought a +0 sling for 15 gold pieces
   770 | D:1      | Reached XP level 2. HP: 23/23 MP: 7/7
  1406 | D:2      | Reached XP level 3. HP: 29/29 MP: 4/8
  1410 | D:2      | Learned a level 3 spell: Ozocubu's Armour
  1443 | D:2      | Found Egomasm's Antique Armour Emporium.
  1905 | D:3      | Noticed Ijyb
  1909 | D:3      | Reached skill level 4 in Ice Magic
  2528 | D:3      | Killed Ijyb
  2529 | D:3      | Reached XP level 4. HP: 35/38 MP: 1/9
  3168 | D:3      | Found a runed translucent gate.
  3168 | D:3      | Found a runed translucent gate.
  3437 | D:3      | Found a runed translucent gate.
  3437 | D:3      | Noticed Spectrina's ghost (weakling DjVM)
  4339 | D:4      | Noticed Eustachio
  4406 | D:4      | HP: 1/38 [river rat[Eustachio] (2)]
  4412 | D:4      | Slain by Eustachio

Illustrated notes

Levels and vault maps discovered:
D:1:      dpeg_arrival_pits, layout_loops_ring, serial_shops,
          nicolae_shop_bloodbath_and_beyond,
          dreamdust_ecumenical_altar_angels_and_demons
D:2:      layout_basic, basic_altar, serial_glass, glass_columns_a,
          glass_columns_a, glass_columns_b, glass_columns_b, glass_columns_c,
          glass_columns_b, glass_columns_a, glass_columns_a, glass_columns_c,
          glass_columns_a, glass_columns_a, glass_columns_a, glass_columns_c,
          glass_columns_b, serial_shops, shop
D:3:      layout_basic, gammafunk_ghost_split,
          amcnicky_mini_rare_corridor_liquid, uniq_ijyb
D:4:      layout_loops_cross, jmf_multi_god_temple,
          minmay_temple_entry_junction, uniq_eustachio

Skill      XL: |  1  2  3 |
---------------+----------+-----
Fighting       | 1 2 3 |  3.0
Spellcasting   | 2 |  2.8
Dodging        | 2 |  2.0
Stealth        | 2 |  2.0
Ice Magic      | 4 |  4.0

Action                   |  1- 3 |  4- 6 || total
-------------------------+-------+-------++-------
Melee: Rapier            |       |    42 ||    42
       Punch             |       |     1 ||     1
 Fire: Sling             |    39 |    46 ||    85
 Cast: Freeze            |    35 |    25 ||    60
       Ozocubu's Armour  |     1 |     4 ||     5
Armor: Robe              |     5 |    13 ||    18
Dodge: Dodged            |    25 |    38 ||    63

Table legend: (Time is in decaauts)
 A = Elapsed time spent in this place.
 B = Non-inter-level travel time spent in this place.
 C = Inter-level travel time spent in this place.
 D = Time resting spent in this place.
 E = Time spent auto-exploring this place.
 F = Levels seen in this place.
 G = Mean time per level.
                   A        B        C        D        E       F      G
               +--------+--------+--------+--------+--------+-----+--------+
         Total |   4459 |   4067 |    392 |   1929 |   1508 |   4 | 1114.8 |
       Dungeon |   4459 |   4067 |    392 |   1929 |   1508 |   4 | 1114.8 |
               +--------+--------+--------+--------+--------+-----+--------+

Top non-repeatable levels by time:
     D:3: 1649 daAuts
     D:2: 1529 daAuts
     D:1: 1197 daAuts
     D:4: 84 daAuts
